AoeStats
← [ KOF ] M. Kowalski

Arena

507860143Analyzed
2v2 RM · 11d ago on Sep 20, 2026· 43m 44s· 4 players
Game mode
Random Map
Map size
Medium (4 player)
Population
200
Speed
Normal
Resources
Standard
Victory
Conquest
Starting age
Dark Age
Ending age
Imperial Age
RankedLock teamsTeams togetherTeam positionsShared explorationLock speedFull tech treeHidden civsTurbo modeCheats
Victory
Defeat
🇲🇽 Slavs · Mexico
1392
+9
🇦🇷 Teutons · Argentina
1332
+11
🇨🇴 Wei · Colombia
1231
-10
🇨🇴 Lithuanians · Colombia
1226
-10
[ KOF ] M. Kowalski
6:20 Loom
9:12 Feudal Age
13:27 Town Watch
15:41 Fletching
25:08 Castle Age
23:03 Horse Collar
23:11 Double-Bit Axe
23:39 Stone Mining
26:19 Bodkin Arrow
28:09 Wheelbarrow
28:42 Bow Saw
31:27 Gold Mining
32:23 Forging
33:12 Ballistics
33:18 Scale Mail Armor
35:12 Chain Mail Armor
37:35 Heavy Plow
40:28 Hand Cart
~KOF~Legonas
10:25 Feudal Age
12:15 Loom
15:50 Castle Age
14:09 Double-Bit Axe
15:24 Scale Mail Armor
15:38 Horse Collar
16:35 Husbandry
18:53 Wheelbarrow
20:55 Pikeman
21:57 Chain Mail Armor
22:06 Heavy Plow
22:21 Bow Saw
24:00 Squires
24:36 Gold Mining
27:15 Redemption
28:11 Hand Cart
32:38 Imperial Age
31:02 Detinets
31:31 Scale Barding Armor
31:17 Fletching
32:53 Bloodlines
33:00 Cavalier
38:04 Chain Barding Armor
38:40 Capped Ram
41:32 Two-Man Saw
40:33 Heavy Plow
41:11 Plate Barding Armor
40:47 Forging
41:09 Plate Mail Armor
41:51 Conscription
41:11 Elite Boyar
Tizon
0:26 Loom
5:31 Loom
13:29 Feudal Age
16:38 Double-Bit Axe
18:12 Man-at-Arms
19:50 Horse Collar
22:51 Stone Mining
23:44 Forging
25:39 Wheelbarrow
28:43 Castle Age
32:18 Long Swordsman
40:34 Fortified Wall
Splattcol
10:46 Feudal Age
14:45 Castle Age
13:12 Horse Collar
15:31 Double-Bit Axe
17:39 Scale Barding Armor
27:01 Wheelbarrow
26:13 Loom
26:13 Town Watch
27:12 Bloodlines
28:32 Hand Cart
33:19 Imperial Age
30:40 Man-at-Arms
31:20 Squires
38:47 Pikeman
39:56 Scale Mail Armor
Connection lost

Rejoining the realm…

Still unreachable

The connection could not be restored.

Session expired

The server has moved on; the page needs a fresh start.